 Dungeon Crawl Stone Soup version 0.30.0-19-g36f170ea60 (webtiles) character file.

Game seed: 9272169111027692304

277 CaptainMV the Sneak (level 6, 0/47 HPs)
             Began as a Draconian Wanderer on May 30, 2023.
             Slain by an ice beast (4 damage)
             ... on level 5 of the Dungeon.
             The game lasted 00:21:23 (2288 turns).

CaptainMV the Sneak (Draconian Wanderer)            Turns: 2288, Time: 00:21:25

Health: 0/47       AC:  8    Str: 12    XL:     6   Next: 4%
Magic:  8/9        EV: 12    Int: 13    God:
Gold:   310        SH:  0    Dex: 14    Spells: 7/9 levels left

rFire   . . .        a - +1 falchion
rCold   . . .        (no shield)
rNeg    . . .        (body armour unavailable)
rPois   .            (helmet restricted)
rElec   .            (no cloak)
rCorr   .            (no gloves)
SInv    .            k - +1 pair of boots
Will    .....        (no amulet)
Stlth   ++           (no ring)
HPRegen 0.27/turn    (no ring)
MPRegen 0.11/turn

%: no passive effects
@: no status effects
A: AC +6, unfitting armour, cold-blooded
a: no special abilities


You were on level 5 of the Dungeon.
You visited 1 branch of the dungeon, and saw 5 of its levels.

You collected 310 gold pieces.

Inventory:

Hand Weapons
 a - a +1 falchion (weapon)
 b - a +1 sling of freezing
Missiles
 m - 3 boomerangs of dispersal
 n - 5 poisoned darts (quivered)
Armour
 k - a +1 pair of boots (worn)
Jewellery
 j - a ring of resist corrosion
Wands
 o - a wand of flame (11)
Scrolls
 g - a scroll of teleportation
 l - a scroll of magic mapping
 p - a scroll of identify
 r - a scroll of immolation
Potions
 c - 2 potions of attraction
 d - a potion of brilliance {unknown}
 e - a potion of lignification {unknown}
 f - 4 potions of heal wounds {unknown}
 h - a potion of degeneration {unknown}
 i - a potion of magic {unknown}


   Skills:
 + Level 1.2 Fighting
 + Level 3.2 Long Blades
 + Level 0.2 Ranged Weapons
 + Level 2.3 Dodging
 + Level 3.4 Stealth
 + Level 2.2 Spellcasting
 + Level 0.8 Conjurations
 + Level 2.3 Fire Magic
 + Level 1.9 Ice Magic
 + Level 1.0 Invocations
 + Level 1.0 Evocations


You had 7 spell levels left.
You knew the following spells:

 Your Spells              Type           Power      Damage    Failure   Level
a - Foxfire               Conj/Fire      20%        2x1d5     13%         1
b - Freeze                Ice            24%        1d4       12%         1

Your spell library contained the following spells:

 Spells                   Type           Power      Damage    Failure   Level
 Kiss of Death            Conj/Necr      8%         2d6       22%         1
 Sting                    Tmut/Pois      4%         1d3       26%         1
 Ensorcelled Hibernation  Hex/Ice        6%         N/A       26%         2
 Frozen Ramparts          Ice            12%        1d2       34%         3
 Passwall                 Tmut/Erth      0%         N/A       36%         2
 Poisonous Vapours        Pois/Air       2%         N/A       36%         2
 Hailstorm                Conj/Ice       4%         3d4       41%         3
 Volatile Blastmotes      Fire/Tloc      8%         2d10      43%         3
 Ignite Poison            Fire/Tmut/Pois 3%         N/A       47%         3
 Confusing Touch          Hex            1%         N/A       58%         3
 Summon Guardian Golem    Hex/Summ       1%         N/A       58%         3
 Swiftness                Air            1%         N/A       58%         3
 Dispel Undead            Necr           1%         3d6       94%         4
 Olgreb's Toxic Radiance  Pois           1%         N/A       94%         4
 Orb of Destruction       Conj           1%         9d5       100%        7
 Spellforged Servitor     Conj/Summ      1%         N/A       100%        7


Dungeon Overview and Level Annotations

Branches:
Dungeon (5/15)
 Temple: D:4-7

Altars:
Hepliaklqana
Sif Muna
Yredelemnul

Shops:
D:1 :   D:2 [


Innate Abilities, Weirdness & Mutations

Your plain brown scales are hard. (AC +6)
You cannot fit into any form of body armour.
You are cold-blooded and may be slowed by cold attacks.


Message History

You barely miss the black bear. You tail-slap the black bear.
The black bear is severely wounded.
The black bear closely misses you.
The black bear claws you but does no damage.
The black bear closely misses you. The ice beast barely misses you.
You hit the black bear.
The black bear is almost dead.
The black bear bites you. The black bear claws you.
The black bear claws you but does no damage.
The ice beast hits you but does no damage.
You hit the black bear.
You kill the black bear!
The ice beast closely misses you. x2
You have reached level 6!
Your scales feel tougher.
Casting: Freeze (safe; 12% risk of failure)
Confirm with . or Enter, or press ? or * to list all spells.
You conjure some foxfire!
The ice beast hits you. The ice beast freezes you!
* * * LOW HITPOINT WARNING * * *
Aiming: Throw Flame
Press: ? - help, Q - select action, (/) - cycle Shift-Dir - straight line, f - ice beast
Aim: an ice beast (ally target, 68% to hit)
The puff of flame misses the ice beast.
The foxfire hits the ice beast.
The ice beast melts!
The ice beast is lightly wounded.
The foxfire hits the ice beast but does no damage.
The ice beast is lightly wounded.
The ice beast barely misses you.
Aiming: Throw Flame
Press: ? - help, Q - select action, (/) - cycle Shift-Dir - straight line, f/p - ice beast
Aim: an ice beast (lightly wounded, 68% to hit)
The puff of flame hits the ice beast.
The ice beast melts!
The ice beast is moderately wounded.
The ice beast barely misses you.
Aiming: Throw Flame
Press: ? - help, Q - select action, (/) - cycle Shift-Dir - straight line, f/p - ice beast
Aim: an ice beast (moderately wounded, 68% to hit)
The puff of flame misses the ice beast.
The ice beast hits you.
You die...

# .# .......#
#.# .......#
##..###
.......
##......#
.....
#.......#
..... ##Y#
+#...# #@.#
.#.#.#
####.##
.#.#.#
###....#
.'...####
#...####
.#.#....#
#.###
.#.#.##.###.#
...#........#
#########..##
#########..#


You could see an ice beast.

Vanquished Creatures
  A black bear (D:5)
  A hound (D:4)
  An iguana (D:4)
  A gnoll (D:3)
  2 adders
  5 dart slugs
  7 orcs
  6 ball pythons
  6 endoplasms
  2 giant cockroaches (D:2)
  7 goblins
  9 hobgoblins
  16 jackals
  7 kobolds
  2 quokkas (D:2)
  A bat (D:1)
  5 frilled lizards
  7 rats
  A spectral orc (D:4)
87 creatures vanquished.

Vanquished Creatures (others)
  51 foxfires
51 creatures vanquished.

Grand Total: 138 creatures vanquished

Notes
Turn   | Place    | Note
-------+----------+-------------------------------------------
     0 | D:1      | CaptainMV the Draconian Wanderer began the quest for the
                  | Orb.
     0 | D:1      | CaptainMV set off with the following items: a +0 falchion,
                  | a +0 pair of boots, a potion of attraction; and the
                  | following spell memorised: Foxfire; and the following
                  | spells available to memorise: Volatile Blastmotes, Ignite
                  | Poison.
     0 | D:1      | Reached XP level 1. HP: 14/14 MP: 2/2
    46 | D:1      | Learned a level 1 spell: Freeze
   101 | D:1      | Reached XP level 2. HP: 20/20 MP: 0/3
   110 | D:1      | Found Muimp's Book Shop.
   155 | D:1      | Found a faded altar of an unknown god.
   236 | D:1      | Reached XP level 3. HP: 22/26 MP: 2/4
   447 | D:2      | Found Quqiahut's Armour Shoppe.
  1354 | D:3      | Found a shimmering blue altar of Sif Muna.
  1378 | D:3      | Reached skill level 1 in Dodging
  1378 | D:3      | Reached XP level 4. HP: 28/33 MP: 6/6
  1574 | D:3      | Reached skill level 1 in Ice Magic
  1820 | D:4      | Found a hazy altar of Hepliaklqana.
  1943 | D:4      | Found a basalt altar of Yredelemnul.
  2076 | D:4      | Reached XP level 5. HP: 39/39 MP: 0/7
  2142 | D:4      | Reached skill level 1 in Fighting
  2196 | D:5      | Entered Level 5 of the Dungeon
  2272 | D:5      | Noticed a black bear
  2275 | D:5      | Noticed an ice beast
  2283 | D:5      | Killed a black bear
  2284 | D:5      | Reached XP level 6. HP: 19/47 MP: 9/9
  2288 | D:5      | Slain by an ice beast

Illustrated notes

Levels and vault maps discovered:
D:1:      wander_arrival_desolate, layout_rooms,
          hellmonk_ecumenical_altar_leap_of_faith, serial_shops,
          nicolae_shop_tiny_statue_garden
D:2:      layout_basic, serial_shops, nicolae_diamond_shop,
          chequers_serial_rivers_micro_c
D:3:      layout_basic, old_standard_altar, minmay_puff
D:4:      layout_basic, lemuel_round_altar,
          nicolae_hepliaklqana_monster_ancestors
D:5:      layout_basic, minmay_temple_entry_statues_pillars,
          minmay_divided_ellipse

Skill      XL: |  1  2  3  4  5 |
---------------+----------------+-----
Stealth        | 3 |  3.4
Dodging        | 1 2 |  2.3
Ice Magic      | 1 |  1.9
Fighting       | 1 |  1.2
Long Blades    | 3 |  3.2
Spellcasting   | 2 |  2.2
Ranged Weapons | |  0.2
Conjurations   | |  0.8
Fire Magic     | |  2.3
Invocations    | |  1.0
Evocations     | |  1.0

Action                     |  1- 3 |  4- 6 || total
---------------------------+-------+-------++-------
  Melee: Falchion          |   114 |   105 ||   219
         Tailslap          |    13 |    18 ||    31
         Punch             |       |     1 ||     1
   Fire: Sling             |       |     1 ||     1
   Cast: Foxfire           |    10 |    19 ||    29
         Freeze            |    15 |    14 ||    29
  Evoke: Wand              |       |     3 ||     3
    Use: Scroll            |     2 |     6 ||     8
   Stab: Sleeping          |     2 |     2 ||     4
 Armour: Skin              |    54 |    79 ||   133
  Dodge: Dodged            |    86 |   122 ||   208
